 Dungeon Crawl Stone Soup version 0.24.0-123-gd5b16e6ec5 (webtiles) character file.

Game seed: 16828319072757267984, levelgen mode: deterministic

836 DungeonDestroyer the Shield-Bearer (level 7, -2/60 HPs)
             Began as a Gnoll Fighter on Jan 18, 2020.
             Slain by an ogre
             ... wielding a +0 giant club
              (16 damage)
             ... on level 4 of the Dungeon on Jan 19, 2020.
             The game lasted 00:08:31 (3000 turns).

DungeonDestroyer the Shield-Bearer (Gnoll Fighter)  Turns: 3000, Time: 00:08:31

Health: -2/60      AC: 16    Str: 19    XL:     7   Next: 99%
Magic:  11/11      EV:  5    Int: 11    God:
Gold:   175        SH: 14    Dex: 13    Spells: 11/11 levels left

rFire    . . .     SeeInvis .   a - +0 long sword
rCold    . . .     Gourm    .   c - +1 shield
rNeg     . . .     Faith    .   i - +0 plate armour
rPois    +         Spirit   .   (no helmet)
rElec    .         Reflect  +   b - +0 cloak
rCorr    .         Harm     .   (no gloves)
MR       .....                  (no boots)
Stlth    ..........             v - +3 amulet of reflection
HPRegen  0.20/turn              m - ring of stealth
MPRegen  0.12/turn              g - -2 ring of dexterity (curse)

@: no status effects
A: distributed training, fangs 1, iridescent scales 1, poison resistance,
screaming 1, strong nose
a: no special abilities


You were on level 4 of the Dungeon.
You were not hungry.

You visited 1 branch of the dungeon, and saw 4 of its levels.

You collected 175 gold pieces.

Inventory:

Hand Weapons
 a - a +0 long sword (weapon)
Missiles
 e - 121 stones (quivered)
 h - a throwing net
 j - 11 arrows
 k - 14 poisoned darts
 o - 32 bolts
 s - 21 sling bullets
Armour
 b - a +0 cloak (worn)
 c - a +1 shield (worn)
 i - a +0 plate armour (worn)
Jewellery
 g - a cursed -2 ring of dexterity (right hand)
 m - a ring of stealth (left hand)
 v - a +3 amulet of reflection (around neck)
Scrolls
 l - 2 scrolls of enchant armour
 p - 3 scrolls of identify
 r - 2 scrolls of remove curse
Potions
 d - a potion of might
 n - 2 potions of heal wounds
 q - 2 potions of resistance
 u - a potion of cancellation {unknown}
Comestibles
 f - 6 rations
 t - 2 chunks of flesh


   Skills:
 + Level 7.1 Fighting
 + Level 2.7 Short Blades
 + Level 5.4 Long Blades
 + Level 2.7 Axes
 + Level 2.7 Maces & Flails
 + Level 2.7 Polearms
 + Level 2.7 Staves
 + Level 2.7 Slings
 + Level 2.7 Bows
 + Level 2.7 Crossbows
 + Level 2.7 Throwing
 + Level 7.1 Armour
 + Level 2.7 Dodging
 + Level 2.7 Stealth
 + Level 7.1 Shields
 + Level 2.7 Unarmed Combat
 + Level 2.7 Spellcasting
 + Level 2.2 Conjurations
 + Level 2.2 Hexes
 + Level 2.2 Charms
 + Level 2.2 Summonings
 + Level 2.2 Necromancy
 + Level 2.2 Translocations
 + Level 2.2 Transmutations
 + Level 2.2 Fire Magic
 + Level 2.2 Ice Magic
 + Level 2.2 Air Magic
 + Level 2.2 Earth Magic
 + Level 2.2 Poison Magic
 + Level 3.0 Invocations
 + Level 2.7 Evocations


You had 11 spell levels left.
You didn't know any spells.
Your spell library was empty.

Dungeon Overview and Level Annotations

Branches:
Dungeon (4/15)
 Temple: D:4-7

Altars:
Ashenzari
Kikubaaqudgha
Uskayaw
Zin
The Shining One


Innate Abilities, Weirdness & Mutations

Your experience applies equally to all skills.
You have very sharp teeth.
Your uncanny sense of smell can sniff out nearby items.
You are partially covered in iridescent scales. (AC +2)
Your system is resistant to poisons. (rPois)
You occasionally shout uncontrollably at your foes.


Message History

You are too injured to fight recklessly!
You are too injured to fight recklessly!
You are too injured to fight recklessly!
You are too injured to fight recklessly!
You are too injured to fight recklessly!
You are too injured to fight recklessly!
You are too injured to fight recklessly!
You are too injured to fight recklessly!
You are too injured to fight recklessly!
You are too injured to fight recklessly!
You are too injured to fight recklessly!
You are too injured to fight recklessly!
You are too injured to fight recklessly!
You are too injured to fight recklessly!
You are too injured to fight recklessly!
You are too injured to fight recklessly!
You are too injured to fight recklessly!
Unknown command.
The ogre hits you with a +0 giant club!
You die...

#### ..# #.# #####
######.##########...###
#.......g.........#....
#...Ogg....###......
#.#@#####...###.#... #
#.....†...........
#..##.#...#.#.#...
.....).#....#.....
....#.........###.
.##.#.#......_.##..
..%.##.............
...... .....8.......
............


You could see an ogre and 3 gnolls.

Vanquished Creatures
  Pikel (D:4)
  A centaur zombie (D:2)
  2 orc priests (D:3)
  2 orc wizards
  A worker ant (D:4)
  A hound skeleton (D:4)
  5 adders
  2 oozes
  5 worms
  3 leopard geckos
  9 orcs
  A ball python (D:3)
  A bat zombie (D:2)
  7 giant cockroaches
  16 goblins
  9 hobgoblins
  8 jackals
  11 kobolds
  16 bats
  2 frilled lizards
  10 rats
  A rat zombie (D:2)
114 creatures vanquished.

Vanquished Creatures (others)
  2 worker ants (D:4)
  An orc (D:4)
3 creatures vanquished.

Grand Total: 117 creatures vanquished

Notes
Turn   | Place    | Note
-------+----------+-------------------------------------------
     0 | D:1      | DungeonDestroyer the Gnoll Fighter began the quest for the
                  | Orb.
     0 | D:1      | Reached XP level 1. HP: 23/23 MP: 1/1
    46 | D:1      | Reached XP level 2. HP: 26/29 MP: 2/2
   160 | D:1      | Reached XP level 3. HP: 31/35 MP: 3/3
   574 | D:2      | Reached skill level 1 in Invocations
   615 | D:2      | Reached skill level 1 in Short Blades
   615 | D:2      | Reached skill level 1 in Axes
   615 | D:2      | Reached skill level 1 in Maces & Flails
   615 | D:2      | Reached skill level 1 in Polearms
   615 | D:2      | Reached skill level 1 in Staves
   615 | D:2      | Reached skill level 1 in Slings
   615 | D:2      | Reached skill level 1 in Bows
   615 | D:2      | Reached skill level 1 in Crossbows
   615 | D:2      | Reached skill level 1 in Throwing
   615 | D:2      | Reached skill level 1 in Dodging
   615 | D:2      | Reached skill level 1 in Stealth
   615 | D:2      | Reached skill level 1 in Unarmed Combat
   615 | D:2      | Reached skill level 1 in Spellcasting
   615 | D:2      | Reached skill level 1 in Evocations
   634 | D:2      | Reached XP level 4. HP: 21/41 MP: 5/5
   751 | D:2      | Reached skill level 1 in Conjurations
   751 | D:2      | Reached skill level 1 in Hexes
   751 | D:2      | Reached skill level 1 in Charms
   751 | D:2      | Reached skill level 1 in Summonings
   751 | D:2      | Reached skill level 1 in Necromancy
   751 | D:2      | Reached skill level 1 in Translocations
   751 | D:2      | Reached skill level 1 in Transmutations
   751 | D:2      | Reached skill level 1 in Fire Magic
   751 | D:2      | Reached skill level 1 in Ice Magic
   751 | D:2      | Reached skill level 1 in Air Magic
   751 | D:2      | Reached skill level 1 in Earth Magic
   751 | D:2      | Reached skill level 1 in Poison Magic
   880 | D:2      | Reached XP level 5. HP: 43/47 MP: 6/6
  1411 | D:2      | Found an ancient bone altar of Kikubaaqudgha.
  1810 | D:3      | Reached XP level 6. HP: 52/53 MP: 8/8
  2464 | D:3      | Gained mutation: You are weak. (Str -2) [potion of
                  | mutation]
  2464 | D:3      | Gained mutation: You are partially covered in iridescent
                  | scales. (AC +2) [potion of mutation]
  2464 | D:3      | Gained mutation: You possess an exceptional clarity of
                  | mind. [potion of mutation]
  2465 | D:3      | Lost mutation: You possess an exceptional clarity of mind.
                  | [potion of mutation]
  2465 | D:3      | Lost mutation: You are weak. (Str -2) [potion of mutation]
  2465 | D:3      | Gained mutation: You occasionally shout uncontrollably at
                  | your foes. [potion of mutation]
  2465 | D:3      | Gained mutation: Your system is resistant to poisons.
                  | (rPois) [potion of mutation]
  2518 | D:4      | Found a shattered altar of Ashenzari.
  2546 | D:4      | Noticed a slave
  2548 | D:4      | Noticed a slave
  2549 | D:4      | Noticed Pikel
  2550 | D:4      | Reached skill level 5 in Long Blades
  2551 | D:4      | Noticed a slave
  2552 | D:4      | Noticed a slave
  2583 | D:4      | Killed Pikel
  2583 | D:4      | Reached XP level 7. HP: 37/60 MP: 9/11
  2792 | D:4      | Found a glowing golden altar of the Shining One.
  2944 | D:4      | Found a hide-covered altar of Uskayaw.
  2949 | D:4      | Found a glowing silver altar of Zin.
  3000 | D:4      | Slain by an ogre

Levels and vault maps discovered:
D:1:      arrival_zaba_pyramid, layout_rooms, serial_bayou_pond_c
D:2:      minmay_diamond_boxcup, layout_loops_ring,
          lemuel_zombie_altar_kikubaaqudgha
D:3:      layout_loops_ring, hangedman_abyss_or_decor_stabs
D:4:      layout_loops_ring, kennysheep_mini_moat, grunt_temple_overflow_open,
          evilmike_ruin_ashenzari, first_ration, hangedman_feature_mirror,
          hangedman_abyss_or_decor_slice, uniq_pikel

Skill      XL: |  1  2  3  4  5  6 |
---------------+-------------------+-----
Invocations    | 1 3 |  3.0
Short Blades   | 1 2 |  2.7
Axes           | 1 2 |  2.7
Maces & Flails | 1 2 |  2.7
Polearms       | 1 2 |  2.7
Staves         | 1 2 |  2.7
Slings         | 1 2 |  2.7
Bows           | 1 2 |  2.7
Crossbows      | 1 2 |  2.7
Throwing       | 1 2 |  2.7
Dodging        | 1 2 |  2.7
Stealth        | 1 2 |  2.7
Unarmed Combat | 1 2 |  2.7
Spellcasting   | 1 2 |  2.7
Evocations     | 1 2 |  2.7
Conjurations   | 1 2 |  2.2
Hexes          | 1 2 |  2.2
Charms         | 1 2 |  2.2
Summonings     | 1 2 |  2.2
Necromancy     | 1 2 |  2.2
Translocations | 1 2 |  2.2
Transmutations | 1 2 |  2.2
Fire Magic     | 1 2 |  2.2
Ice Magic      | 1 2 |  2.2
Air Magic      | 1 2 |  2.2
Earth Magic    | 1 2 |  2.2
Poison Magic   | 1 2 |  2.2
Long Blades    | 5 |  5.4
Fighting       | 7 |  7.1
Armour         | 7 |  7.1
Shields        | 7 |  7.1

Action                   |  1- 3 |  4- 6 |  7- 9 || total
-------------------------+-------+-------+-------++-------
Melee: Long sword        |   128 |   273 |    31 ||   432
       Bite              |    18 |    32 |     3 ||    53
  Use: Scroll            |     3 |     3 |       ||     6
       Potion            |     1 |     4 |     1 ||     6
  Eat: Chunk             |       |     6 |     2 ||     8
Armor: Scale mail        |    58 |       |       ||    58
       Plate armour      |    18 |   143 |    26 ||   187
Dodge: Dodged            |    45 |    46 |     9 ||   100
Block: Shield            |   114 |   195 |    38 ||   347
       Rpst.: Long sword |    14 |     9 |     2 ||    25
